 Dungeon Crawl Stone Soup version 0.19.1 (webtiles) character file.

15530 Haldmier the Destroyer (level 12, -2/70 HPs)
             Began as a Deep Elf Conjurer on Dec 17, 2016.
             Was a High Priest of Sif Muna.
             Slain by a yak (6 damage)
             ... in an ice cave.
             The game lasted 01:17:06 (15000 turns).

Haldmier the Destroyer (Deep Elf Conjurer)         Turns: 15000, Time: 01:17:06

Health: -2/70      AC:  5    Str:  5    XL:     12   Next: 2%
Magic:  6/28       EV: 16    Int: 26    God:    Sif Muna [*****.]
Gold:   697        SH:  0    Dex: 15    Spells: 8 memorised, 12 levels left

rFire  . . .     SeeInvis .     I - +4 quarterstaff of Vantosag {freeze, *Drain +Blink rC+}
rCold  + + .     Gourm    .     L - +0 leather armour (curse)
rNeg   . . .     Faith    .     (shield currently unavailable)
rPois  .         Spirit   .     M - +0 helmet
rElec  .         Reflect  .     (no cloak)
rCorr  +         Harm     .     (no gloves)
MR     +....                    y - +0 pair of boots
Stlth  ++++......               u - amulet of magic regeneration
                                n - ring of resist corrosion
                                A - ring of protection from cold

@: divine energy
A: no striking features
a: Stop Divine Energy, Channel Magic, Forget Spell, Renounce Religion, Evoke
Blink


You were in an ice cave.
You worshipped Sif Muna.
Sif Muna was extremely pleased with you.
You were hungry.

You visited 3 branches of the dungeon, and saw 12 of its levels.
You also visited: Bailey and Ice Cave.

You collected 940 gold pieces.
You spent 243 gold pieces at shops.

Inventory:

Hand Weapons
 w - a +7 hunting sling
 I - the +4 quarterstaff of Vantosag (weapon) {freeze, *Drain +Blink rC+}
   (You bought it in a shop on level 5 of the Dungeon)

   It has been specially enchanted to freeze those struck by it, causing extra
   injury to most foes and up to half again as much damage against particularly
   susceptible opponents.
   It can also slow down cold-blooded creatures.
   It protects you from cold.
   It lets you blink.
   It causes draining when unequipped.
 P - a +3 quarterstaff of draining
Missiles
 r - 70 sling bullets
 z - 437 stones (quivered)
Armour
 y - a +0 pair of boots (worn)
 F - the +0 leather armour of Tibiatt {Str+4}
   (You took it off a hobgoblin in a bailey)

   It affects your strength (+4).
 L - a cursed +0 leather armour (worn)
 M - a +0 helmet (worn)
Magical Staves
 l - an uncursed staff of energy {unknown}
 q - an uncursed staff of air {unknown}
Jewellery
 k - a +2 ring of protection {unknown}
 n - a ring of resist corrosion (right hand)
 u - an amulet of magic regeneration (around neck)
 A - a ring of protection from cold (left hand)
Wands
 p - a wand of polymorph (19/24)
 x - a wand of slowing (22/48)
 C - a wand of slowing (30/48)
 D - a wand of digging (24/24)
 E - a wand of lightning (4/15)
 O - a wand of iceblast (6/15)
 R - a wand of acid (3/15)
Scrolls
 a - 2 scrolls of enchant weapon
 e - a scroll of enchant armour {unknown}
 j - 6 scrolls of remove curse
 m - a scroll of teleportation {unknown}
 v - a scroll of recharging
 S - 3 scrolls of identify
Potions
 b - a potion of heal wounds {unknown}
 d - a potion of cancellation
 f - 4 potions of might
 h - 2 potions of agility {unknown}
 i - 5 potions of magic
 o - 8 potions of curing
 B - 5 potions of flight
Books
 G - Sif Muna's Guide on Shape Shifting and Curses
   (Sif Muna gifted it to you in an ice cave)

   Spells                             Type                      Level
   a - Sticks to Snakes               Transmutation                2
   b - Dazzling Spray                 Conjuration/Hexes            3
   c - Spectral Weapon                Hexes/Charms                 3
   d - Petrify                        Transmutation/Earth          4
   e - Silence                        Hexes/Air                    5
Comestibles
 c - 8 bread rations
 g - 7 meat rations
 s - 2 fruits
 J - 3 slices of pizza
 K - 6 beef jerkies


   Skills:
 - Level 6.0 Fighting
 + Level 8.9 Dodging
 - Level 8.5 Stealth
 - Level 10.4 Spellcasting
 + Level 11.4 Conjurations
 - Level 7.5 Charms
 - Level 3.0 Necromancy
 + Level 0.7 Translocations
 + Level 0.7 Transmutations
 + Level 6.1 Invocations
 - Level 5.0 Evocations


You had 12 spell levels left.
You knew the following spells:

 Your Spells              Type           Power        Failure   Level  Hunger
a - Magic Dart            Conj           ####         1%          1    None
b - Searing Ray           Conj           ######       1%          2    None
c - Dazzling Spray        Conj/Hex       #####.       2%          3    None
d - Iskenderun's Mystic   Conj           ######..     1%          4    None
e - Iskenderun's Battles  Conj/Chrm      ######..     4%          5    ####...
f - Animate Skeleton      Necr           N/A          1%          1    None
g - Apportation           Tloc           ###.......   8%          1    None
h - Sticks to Snakes      Tmut           ###.....     12%         2    None


Dungeon Overview and Level Annotations

Branches:
Dungeon (9/15)             Temple (1/1) D:4            Lair (2/6) D:9
  Snake (0/4) Lair:2
  Swamp: Lair:2-4    Shoals: Lair:2-4       Orc: D:9-12

Altars:
Ashenzari
Cheibriados
Dithmenos
Elyvilon
Fedhas
Gozag
Hepliaklqana
Kikubaaqudgha
Makhleb
Nemelex Xobeh
Okawaru
Qazlal
Ru
Sif Muna
Trog
Uskayaw
Vehumet
Xom
Yredelemnul
Zin
The Shining One

Shops:
D:5 (   D:7 *


Message History

The spray of energy hits the death yak.
The death yak is almost dead.
Your yak skeleton gores the yak!
You now have 8/27 mp.
Casting: Dazzling Spray
Confirm with . or Enter, or press ? or * to list all spells.
Aiming: Dazzling Spray
Press: ? - help, Shift-Dir - straight line, f/p - death yak
Aim: a death yak (almost dead)
The spray of energy hits the death yak.
You kill the death yak!
Sif Muna accepts your kill.
You have reached level 12!
Your experience leads to an increase in your attributes!
Increase (S)trength, (I)ntelligence, or (D)exterity?
You feel clever. x2
The spray of energy hits the yak.
The yak is severely wounded.
The yak is no longer blind.
The yak gores you.
You die...

##Z.### ##...#### ####
####...##
#######....###
####Z...#...###
##...##....### ###
#..######### ######.##
##...### ##..Z#.#Z###
##....## #†Yh..###Z.#
##....#####@#.###..###
###...ZZ#####h.##...#
##....Z####..###Yhh#
###....#...## .C.h#
####ZZ.### h.Y## #####
.### .$ #[


You could see a polar bear, a yak and a friendly yak skeleton.

Vanquished Creatures
  A death yak (IceCv)
  Joseph (D:9)
  The ghost of kae the Chopper, a novice VSFi (D:6)
  An ice statue (IceCv)
  A komodo dragon (D:9)
  A troll (D:9)
  14 polar bears (IceCv)
  Grinder (D:6)
  18 yaks
  A basilisk (Lair:2)
  2 hungry ghosts (D:9)
  A soldier ant (D:9)
  7 porcupines
  3 water moccasins
  6 orc warriors (Bailey)
  3 sky beasts
  9 ice beasts
  3 black bears (D:8)
  8 ogres
  2 phantoms
  A centaur (D:9)
  12 wolves (IceCv)
  4 crocodiles
  Blork the orc (D:4)
  A big kobold (D:7)
  10 bullfrogs
  3 howler monkeys (D:7)
  4 crimson imps
  4 orc priests
  3 hounds
  A jelly (D:9)
  8 orc wizards
  A bullfrog skeleton (D:6)
  Jessica (D:3)
  2 centaur skeletons
  3 iguanas
  2 worker ants
  A worker ant zombie (D:8)
  A howler monkey zombie (D:9)
  6 gnolls
  9 adders
  2 river rats (D:9)
  3 shadow imps
  A white imp (D:5)
  2 oozes (D:2)
  An adder zombie (D:9)
  2 adder skeletons (D:4)
  5 worms
  2 dart slugs
  5 leopard geckos
  26 orcs
  4 giant cockroaches
  22 goblins
  10 hobgoblins
  19 jackals
  26 kobolds
  3 quokkas
  A ball python (D:2)
  7 bats
  4 frilled lizards
  A goblin skeleton (D:5)
  2 goblin zombies (D:5)
  A hobgoblin zombie (D:5)
  A kobold skeleton (D:5)
  2 kobold zombies (D:5)
  A leopard gecko skeleton (D:6)
  An orc skeleton (D:5)
  A quokka skeleton (D:6)
  15 rats
332 creatures vanquished.

Vanquished Creatures (collateral kills)
  2 polar bears (IceCv)
  2 wolves (IceCv)
  A centaur skeleton (D:7)
5 creatures vanquished.

Vanquished Creatures (others)
  A fungus (Lair:1)
1 creature vanquished.

Grand Total: 338 creatures vanquished

Notes
Turn   | Place    | Note
-------+----------+-------------------------------------------
     0 | D:1      | Haldmier the Deep Elf Conjurer began the quest for the Orb.
     0 | D:1      | Reached XP level 1. HP: 10/10 MP: 6/6
   193 | D:1      | Reached XP level 2. HP: 13/15 MP: 5/8
   249 | D:1      | Reached skill level 5 in Conjurations
   715 | D:1      | Learned a level 2 spell: Searing Ray
   846 | D:2      | Reached XP level 3. HP: 19/19 MP: 5/9
  1238 | D:2      | Reached skill level 6 in Conjurations
  1519 | D:2      | Reached XP level 4. HP: 24/24 MP: 8/10
  1865 | D:2      | Found a hide-covered altar of Uskayaw.
  2118 | D:3      | Noticed Jessica
  2128 | D:3      | Killed Jessica
  2268 | D:3      | Reached XP level 5. HP: 28/28 MP: 10/12
  2289 | D:3      | Noticed an ice beast
  2310 | D:3      | Killed an ice beast
  2310 | D:3      | Reached skill level 7 in Conjurations
  2433 | D:3      | Learned a level 5 spell: Iskenderun's Battlesphere
  3433 | D:4      | Reached skill level 5 in Spellcasting
  3433 | D:4      | Reached skill level 1 in Charms
  3433 | D:4      | Reached XP level 6. HP: 15/32 MP: 7/15
  3646 | D:4      | Noticed Blork the orc
  3800 | D:4      | Killed Blork the orc
  3892 | D:4      | Learned a level 4 spell: Iskenderun's Mystic Blast
  3896 | D:4      | Learned a level 3 spell: Dazzling Spray
  3970 | D:4      | Found a staircase to the Ecumenical Temple.
  4019 | Temple   | Entered the Ecumenical Temple
  4120 | Temple   | Became a worshipper of Sif Muna the Loreminder
  4168 | D:4      | Reached XP level 7. HP: 36/36 MP: 16/18
  4458 | D:4      | Reached skill level 8 in Conjurations
  4621 | D:5      | Entered Level 5 of the Dungeon
  4654 | D:5      | Found a glowing golden altar of the Shining One.
  4833 | D:5      | You fall through a shaft for 2 floors!
  4833 | D:7      | Found a shimmering altar of Xom.
  4893 | D:6      | Found an ancient bone altar of Kikubaaqudgha.
  4928 | D:6      | Noticed Grinder
  4971 | D:6      | Reached * piety under Sif Muna
  5022 | D:6      | Reached skill level 5 in Charms
  5293 | D:6      | Reached XP level 8. HP: 36/42 MP: 15/21
  5341 | D:6      | Reached skill level 1 in Fighting
  6146 | D:5      | Found Yhu Lea's Antique Weapon Emporium.
  6156 | D:5      | Bought a crystal quarterstaff for 243 gold pieces
  6156 | D:5      | Identified the +4 quarterstaff of Vantosag {freeze, *Drain +Blink rC+} (You bought it in a shop on level 5 of the Dungeon)
  6249 | D:6      | Noticed kae's ghost (novice VSFi)
  6255 | D:6      | Killed kae's ghost
  6255 | D:6      | Reached skill level 1 in Evocations
  6932 | D:6      | Killed Grinder
  6960 | D:7      | Reached ** piety under Sif Muna
  6960 | D:7      | HP: 1/44 [bullfrog (4)]
  6962 | D:7      | Reached XP level 9. HP: 1/48 MP: 8/23
  7289 | D:7      | Reached skill level 9 in Conjurations
  7655 | D:7      | Learned a level 1 spell: Animate Skeleton
  7902 | D:7      | Found Zin's Purification Station.
  7905 | D:7      | Found a glowing silver altar of Zin.
  8650 | D:8      | Found a bloodstained altar of Trog.
  8672 | D:8      | Reached skill level 5 in Dodging
  8672 | D:8      | Reached skill level 5 in Stealth
  8719 | D:8      | Reached skill level 1 in Necromancy
  8853 | D:8      | Found a white marble altar of Elyvilon.
  8985 | D:9      | Reached *** piety under Sif Muna
  9029 | D:9      | Reached XP level 10. HP: 39/56 MP: 5/25
  9236 | D:9      | Found a flagged portal.
  9307 | Bailey   | Entered a bailey
  9490 | Bailey   | Got a jewelled leather armour
 10090 | D:9      | Identified the +0 leather armour of Tibiatt {Str+4} (You took it off a hobgoblin in a bailey)
 10243 | D:9      | Reached skill level 5 in Evocations
 10321 | D:9      | Noticed Joseph
 10356 | D:9      | HP: 2/56 [Joseph/sling bullet (10)]
 10970 | D:9      | Reached skill level 10 in Spellcasting
 11155 | D:9      | Killed Joseph
 11155 | D:9      | Reached skill level 1 in Invocations
 11263 | D:9      | Reached skill level 10 in Conjurations
 11282 | D:9      | Reached **** piety under Sif Muna
 11308 | D:9      | Found a staircase to the Lair.
 11402 | D:9      | Found a stormy altar of Qazlal.
 11537 | D:9      | Found an iron altar of Okawaru.
 11642 | Lair:1   | Entered Level 1 of the Lair of Beasts
 11667 | Lair:1   | Learned a level 1 spell: Apportation
 12516 | Lair:2   | Reached XP level 11. HP: 50/62 MP: 20/27
 12652 | Lair:2   | Found a staircase to the Snake Pit.
 12665 | Lair:2   | Noticed a four-headed hydra
 12829 | Lair:2   | Noticed a six-headed hydra
 12937 | Lair:2   | Found a frozen archway.
 12988 | Lair:2   | Reached skill level 5 in Fighting
 13017 | IceCv    | Entered an ice cave
 14098 | IceCv    | Reached skill level 11 in Conjurations
 14098 | IceCv    | Reached skill level 5 in Invocations
 14304 | IceCv    | Reached ***** piety under Sif Muna
 14716 | IceCv    | Identified Sif Muna's Guide on Shape Shifting and Curses (Sif Muna gifted it to you in an ice cave)
 14716 | IceCv    | Received a gift from Sif Muna
 14947 | IceCv    | Learned a level 2 spell: Sticks to Snakes
 14969 | IceCv    | Noticed a death yak
 14969 | IceCv    | Noticed a frost giant
 14997 | IceCv    | HP: 3/64 [death yak (17)]
 15000 | IceCv    | Killed a death yak
 15000 | IceCv    | Reached XP level 12. HP: 4/70 MP: 5/28
 15000 | IceCv    | Slain by a yak

Skill      XL: |  1  2  3  4  5  6  7  8  9 10 11 |
---------------+----------------------------------+-----
Conjurations   | 5 6 7 8 9 10 11 | 11.4
Spellcasting   | 5 6 7 8 9 10 | 10.4
Charms         | 1 3 5 6 7 |  7.5
Fighting       | 2 3 4 6 |  6.0
Dodging        | 4 5 7 8 |  8.9
Stealth        | 4 5 7 8 |  8.5
Evocations     | 2 4 5 |  5.0
Necromancy     | 2 3 |  3.0
Invocations    | 3 6 |  6.1
Translocations | |  0.7
Transmutations | |  0.7

Action                   |  1- 3 |  4- 6 |  7- 9 | 10-12 || total
-------------------------+-------+-------+-------+-------++-------
Melee: Quarterstaff      |       |       |    38 |    46 ||    84
       Hunting sling     |       |       |     1 |       ||     1
 Fire: Hunting sling     |       |    19 |    72 |       ||    91
 Cast: Magic Dart        |    71 |    72 |   185 |   275 ||   603
       Searing Ray       |     2 |     6 |    19 |    33 ||    60
       Iskenderun's Myst |       |       |     6 |       ||     6
       Dazzling Spray    |       |       |    22 |    71 ||    93
       Iskenderun's Batt |       |       |     7 |    38 ||    45
       Animate Skeleton  |       |       |     7 |    23 ||    30
Invok: Divine Energy     |       |       |       |     2 ||     2
       Stop Divine Energ |       |       |       |     1 ||     1
       Channel Magic     |       |       |       |     1 ||     1
 Abil: Evoke Blink       |       |       |       |     2 ||     2
  Use: Scroll            |       |     7 |     8 |       ||    15
 Stab: Invisible         |       |       |       |     1 ||     1
       Distracted        |       |       |       |     1 ||     1
  Eat: Chunk             |     2 |     6 |    14 |    22 ||    44
       Royal jelly       |       |     1 |     1 |       ||     2
       Pizza             |       |       |       |     1 ||     1
       Fruit             |       |       |       |     2 ||     2
Armor: Robe              |       |     1 |    11 |     4 ||    16
       Leather armour    |       |       |       |    36 ||    36
Dodge: Dodged            |     4 |     7 |    92 |   207 ||   310
